AoeStats
← 7.62子弹

Arabia

505479792Analyzed
1v1 RM · 24d ago on Sep 9, 2026· 34m 9s· 2 players
Game mode
Random Map
Map size
Tiny (2 player)
Population
200
Speed
Normal
Resources
Standard
Victory
Conquest
Starting age
Dark Age
Ending age
Imperial Age
RankedLock teamsTeams togetherTeam positionsShared explorationLock speedFull tech treeHidden civsTurbo modeCheats
Victory
Defeat
🇨🇳 Spanish · China
1193
+17
🇬🇧 Maya · United Kingdom
1214
-17
7.62子弹
8:07 Loom
11:18 Feudal Age
15:25 Castle Age
18:38 Fletching
19:36 Double-Bit Axe
20:11 Horse Collar
23:09 Heavy Plow
23:21 Bow Saw
25:01 Bodkin Arrow
27:12 Gold Mining
27:52 Scale Barding Armor
28:59 Stone Mining
33:48 Imperial Age
31:29 Husbandry
33:38 Bloodlines
34:22 Wheelbarrow
Noklevann
0:26 Loom
9:05 Feudal Age
11:35 Double-Bit Axe
16:38 Fletching
21:21 Castle Age
19:51 Padded Archer Armor
20:46 Stone Mining
21:29 Crossbowman
22:29 Bodkin Arrow
24:57 Bow Saw
24:43 Horse Collar
29:01 Wheelbarrow
30:52 Wheelbarrow
32:05 Ballistics
32:49 Elite Skirmisher
Connection lost

Rejoining the realm…

Still unreachable

The connection could not be restored.

Session expired

The server has moved on; the page needs a fresh start.